 Dungeon Crawl Stone Soup version 0.30-a0-777-ga9a30cbeda (webtiles) character file.

Game seed: 13424651091347998466

88 Flugslaktarn the Shield-Bearer (level 4, -2/31 HPs)
             Began as an Octopode Fighter on Feb 13, 2023.
             Slain by a gnoll
             ... wielding a +0 spear
              (4 damage)
             ... on level 3 of the Dungeon.
             The game lasted 00:00:59 (1652 turns).

Flugslaktarn the Shield-Bearer (Octopode Fighter)   Turns: 1652, Time: 00:01:00

Health: -2/31      AC:  1    Str: 13 (15) XL:     4   Next: 54%
Magic:  4/4        EV: 13    Int:  9 (10) God:
Gold:   145        SH:  4    Dex: 12 (13) Spells: 3/3 levels left

rFire   . . .      SeeInvis .    a - +0 war axe
rCold   . . .      Faith    .    b - +0 buckler
rNeg    . . .      Spirit   .    (helmet restricted)
rPois   .          Reflect  .    (no amulet)
rElec   .          Harm     .    (no ring)
rCorr   .          Rampage  .    (no ring)
Will    .....                    (no ring)
Stlth   ++                       (no ring)
HPRegen 0.25/turn                (no ring)
MPRegen 0.09/turn                (no ring)
                                 (no ring)
                                 (no ring)

@: no status effects
A: almost no armour, amphibious, 8 rings, camouflage 1, gelatinous body 1,
(nimble swimmer 1), tentacles
a: no special abilities


You were on level 3 of the Dungeon.
You visited 1 branch of the dungeon, and saw 3 of its levels.

You collected 145 gold pieces.

Inventory:

Hand Weapons
 a - a +0 war axe (weapon)
Armour
 b - a +0 buckler (worn)
Jewellery
 j - a ring of ice
   (You found it on level 3 of the Dungeon)
Scrolls
 c - a scroll of brand weapon {unknown}
 e - a scroll of vulnerability {unknown}
 g - a scroll of noise {unknown}
 k - a scroll of immolation {unknown}
 l - a scroll of summoning {unknown}
 n - a scroll of blinking {unknown}
 r - a scroll of fear {unknown}
 s - a scroll of teleportation {unknown}
Potions
 d - a potion of might
 f - a potion of berserk rage {unknown}
 h - a potion of degeneration
 i - a potion of cancellation
 m - a potion of mutation {unknown}
 o - a potion of brilliance {unknown}
 p - a potion of attraction {unknown}
 q - a potion of curing


   Skills:
 + Level 3.5 Fighting
 * Level 3.2 Axes
 + Level 3.4 Dodging
 + Level 3.5 Shields


You had 3 spell levels left.
You didn't know any spells.
Your spell library was empty.

Dungeon Overview and Level Annotations

Branches:
Dungeon (3/15)

Altars:


Innate Abilities, Weirdness & Mutations

You cannot wear most types of armour.
You are amphibious.
You can wear up to eight rings at the same time.
Your skin changes colour to match your surroundings (Stealth+).
Your rubbery body absorbs attacks. (AC +1, EV +1)
((You are camouflaged when in or above water. (Stealth+)))
You have tentacles for arms and can constrict up to eight enemies at once.


Message History

The orc attacks as you move away! The orc closely misses you.
You see here a scroll labelled MIHEN TAXZO.
Okay, then.
It was a potion of degeneration.
There was something very wrong with that liquid.
You feel weakened.
You feel dopey.
You feel clumsy. The orc barely misses you.
It was a potion of cancellation.
You feel magically purged. The orc barely misses you.
It was a potion of curing.
You feel better.
q - a potion of curing The orc closely misses you.
Unknown command.
You closely miss the orc. You grab the orc. You constrict the orc.
The orc hits you with a +0 hand axe. The orc misses you.
You slash the orc!
You kill the orc!
You hit the orc.
You kill the orc!
The gnoll hits you from afar with a +0 spear.
The orc attacks as you move away! The orc hits you with a +0 whip.
* * * LOW HITPOINT WARNING * * *
You hit the orc but do no damage. You grab the orc.
Your squeeze misses the orc.
The orc is almost dead.
You constrict the orc.
You kill the orc!
The gnoll barely misses you.
The gnoll hits you from afar with a +0 spear.
* * * LOW HITPOINT WARNING * * *
Found 8 gold pieces, a scroll labelled HAIROR XUFEREPS and 5 boomerangs.
Found a stone staircase leading down.
Found three items.
Found a scroll labelled TUNNEINLUT, a blue potion and 10 gold pieces.
There is a stone staircase leading up here.
You block the gnoll's attack.
You climb upwards.
There is a stone staircase leading down here.
You start resting.
HP restored.
There is a stone staircase leading down here.
You climb downwards.
There is a stone staircase leading up here.
A frilled lizard is nearby!
A frilled lizard is nearby!
A frilled lizard is nearby!
Found 9 gold pieces.
The helpless frilled lizard fails to defend itself.
You slash the frilled lizard!
You kill the frilled lizard!
No target in view!
No target in view!
No target in view!
No target in view!
You see here a frilled lizard corpse.
You now have 136 gold pieces (gained 9).
j - a ring of ice
p - a red potion
Things that are here:
a +0 hand axe; a +0 short sword; an orc corpse
r - a scroll labelled MIHEN TAXZO
Things that are here:
a +0 leather armour; a +0 whip
Things that are here:
a +0 hand axe; a +0 short sword; an orc corpse You now have 145 gold pieces (gained 9).
s - a scroll labelled ASADWO DEF TIA No target in view!
No target in view!
No target in view!
No target in view!
No target in view!
No target in view!
A gnoll comes into view. It is wielding a +0 spear.
A gnoll is nearby!
A gnoll is nearby!
The gnoll shouts!
A gnoll comes into view. It is wielding a +0 spear.
The gnoll hits you from afar with a +0 spear.
A gnoll comes into view. It is wielding a +0 whip.
Found 14 gold pieces.
The gnoll misses you.
You closely miss the gnoll.
The gnoll shouts!
You grab the gnoll. You squeeze the gnoll!
The gnoll is heavily wounded.
You constrict the gnoll. The gnoll hits you with a +0 spear.
You slash the gnoll!
You kill the gnoll!
The gnoll hits you from afar with a +0 spear!
The gnoll hits you from afar with a +0 spear.
The gnoll barely misses you.
You hit the gnoll but do no damage. Your grab misses the gnoll.
You hit the gnoll. The gnoll hits you but does no damage.
The gnoll hits you with a +0 spear.
You hit the gnoll. Your grab misses the gnoll.
The gnoll is moderately wounded.
You slash the gnoll! The gnoll hits you with a +0 whip!
* * * LOW HITPOINT WARNING * * *
The gnoll hits you with a +0 spear.
You die...

###...<....#####...#
...........[.......#
###........###.....#
###..#.##.# #.#...#
##....#.##.###.##.##
#..............##.## ###
.).##.##...###.....#....
)####.#....##...........
.# #.#..#.#[..)@.......
.####..........gg........
...........รท....>........
.........................
##.......>...............
.....#.#....[...........
#.........)........#...$
....##.#.......#########
...###.#........#


You could see 2 gnolls.

Vanquished Creatures
  An adder (D:2)
  2 gnolls (D:3)
  2 dart slugs
  5 orcs (D:3)
  7 bats
  3 endoplasms
  2 giant cockroaches (D:1)
  7 goblins
  7 hobgoblins
  3 ball pythons
  3 frilled lizards
  4 kobolds
  3 rats
49 creatures vanquished.

Vanquished Creatures (others)
  5 plants
5 creatures vanquished.

Grand Total: 54 creatures vanquished

Notes
Turn   | Place    | Note
-------+----------+-------------------------------------------
     0 | D:1      | Flugslaktarn the Octopode Fighter began the quest for the
                  | Orb.
     0 | D:1      | Reached XP level 1. HP: 16/16 MP: 1/1
    90 | D:1      | Reached XP level 2. HP: 21/21 MP: 2/2
   386 | D:1      | Reached XP level 3. HP: 26/26 MP: 3/3
  1317 | D:3      | Reached XP level 4. HP: 28/31 MP: 4/4
  1652 | D:3      | Slain by a gnoll

Illustrated notes

Levels and vault maps discovered:
D:1:      scummos_arrival_simple_crosswalls, layout_loops_ring,
          serial_bayou_ford_a, minmay_misc_feat_four_crosses
D:2:      layout_loops_ring, minmay_door_square, kennysheep_boxes
D:3:      layout_rooms, due_unseen_surprise

Skill      XL: |  1  2  3 |
---------------+----------+-----
Axes           | 3 |  3.2
Fighting       | |  3.5
Dodging        | |  3.4
Shields        | |  3.5

Action                     |  1- 3 |  4- 6 || total
---------------------------+-------+-------++-------
  Melee: War axe           |    58 |    20 ||    78
         Constrict         |    20 |     7 ||    27
         Tentacles         |    12 |     3 ||    15
         Punch             |     2 |       ||     2
    Use: Potion            |       |     3 ||     3
   Stab: Sleeping          |     3 |     3 ||     6
 Armour: Skin              |     4 |     2 ||     6
  Dodge: Dodged            |    42 |    25 ||    67
  Block: Buckler           |    14 |     5 ||    19

Table legend: (Time is in decaauts)
 A = Elapsed time spent in this place.
 B = Non-inter-level travel time spent in this place.
 C = Inter-level travel time spent in this place.
 D = Time resting spent in this place.
 E = Time spent auto-exploring this place.
 F = Levels seen in this place.
 G = Mean time per level.
                   A        B        C        D        E       F      G
               +--------+--------+--------+--------+--------+-----+--------+
         Total |   1682 |   1603 |     79 |     91 |   1183 |   3 |  560.7 |
       Dungeon |   1682 |   1603 |     79 |     91 |   1183 |   3 |  560.7 |
               +--------+--------+--------+--------+--------+-----+--------+

Top non-repeatable levels by time:
     D:2: 754 daAuts
     D:1: 636 daAuts
     D:3: 292 daAuts
